Workbook

Sheet GTH-FM-097
B1: PROCESO: GESTIÓN DEL TALENTO HUMANO | P1: Código: GTH-FM-097
P2: Fecha: 09/06/2026
B3: FORMATO: SEGUIMIENTO TRANSFERENCIA DEL APRENDIZAJE | P3: Versión: 003
P4: Pública
A6: CÉDULA DE CIUDADANIA | C6: COLOQUE SU CÉDULA | G6: NOMBRE COMPLETO | I6: =IF(C6="COLOQUE SU CÉDULA","",INDEX(Datos!D:D,MATCH(C6,Datos!A:A,0))) | M6: CARGO | N6: =IF(C6="COLOQUE SU CÉDULA","",INDEX(Datos!V:V,MATCH(C6,Datos!A:A,0)))
A7: DEPENDENCIA | B7: =IF(C6="COLOQUE SU CÉDULA","",INDEX(Datos!F:F,MATCH(C6,Datos!A:A,0))) | G7: GÉNERO | I7: =IF(C6="COLOQUE SU CÉDULA","",IF(INDEX(Datos!S:S,MATCH(C6,Datos!A:A,0))="F","FEMENINO","MASCULINO")) | M7: EDAD | N7: =IF(C6="COLOQUE SU CÉDULA","",INDEX(Datos!R:R,MATCH(C6,Datos!A:A,0))) | P7: FECHA | Q7: 45972
A8: NOMBRE DE LA CAPACITACIÓN RECIBIDA | C8: SELECCIONE | I8: FECHA DE FINALIZACION DE LA CAPACITACIÓN | M8: COLOQUE LA FECHA EN FORMATO (DD/MM/AA)
A10: A) Aplicación de conocimiento en el puesto de trabajo
A12: Si la capacitación contribuyó al fortalecimiento de su formación profesional: Califique el nivel de contribución | F12: SELECCIONE | G12: EXPLIQUE AQUÍ SU RESPUESTA
A13: Después de realizada la capacitación: ¿Usted HA UTILIZADO los conocimientos y/o habilidades desarrolladas en sus labores diarias? (Si/No) | F13: SELECCIONE | G13: EXPLIQUE AQUÍ SU RESPUESTA
A14: Si usted HA UTILIZADO los conocimientos y/o habilidades desarrolladas en el desempeño laboral: Califique el impacto que ha tenido en el mejoramiento de su desempeño | F14: SELECCIONE | G14: EXPLIQUE AQUÍ SU RESPUESTA
A15: De los temas vistos en la capacitación, menciona tres conocimientos o habilidades que mas has utilizado | F15: 1. | G15: COLOQUE AQUÍ EL PRIMER CONOCIMIENTO Y/O HABILIDAD
F16: 2. | G16: COLOQUE AQUÍ EL SEGUNDO CONOCIMIENTO Y/O HABILIDAD
F17: 3. | G17: COLOQUE AQUÍ EL TERCER CONOCIMIENTO Y/O HABILIDAD
A18: Pensando en una tarea o un proceso específico donde aplicaste lo aprendido, ¿Se tuvo alguna mejoría? Por ejemplo: hubo reducción en el tiempo para el desarrollo de la actividad, se generaron menos errores, se tuvo una mejor comunicación, etc. | F18: SELECCIONE | G18: EXPLIQUE AQUÍ SU RESPUESTA
A19: Estima de forma cuantificable esa mejoría. Por ejemplo: el tiempo que estás ahorrando gracias a este nuevo conocimiento (puede ser al día, mes, por actividad, entre otras) | F19: INQUE CUÁNTOS ERRORES DEJÓ DE TENER Y SU FRECUENCIA Y/O CUÁNTO TIEMPO SE AHORRÓ EN LA ACTIVIDAD Y SU FRECUENCIA
A21: B) Transferencia de conocimientos
A23: Además del conocimiento aplicado, ¿has compartido o transferido de manera formal y/o informal lo aprendido con otros compañeros o equipos? | Q23: Si
A25: SI LA RESPUESTA ES SI, CONTINÚE CON LAS SIGUIENTES PREGUNTAS
A27: Indique el conocimiento y/o habilidad transferida | F27: EXPLIQUE AQUÍ SU RESPUESTA
A28: ¿Tiene relación directa con la formación? | F28: SELECCIONE | G28: EXPLIQUE AQUÍ SU RESPUESTA
A29: ¿Quién o quiénes recibieron la transferencia? | F29: INDIQUE EL NOMBRE DE LA PERSONA Y/O PERSONAS
A31: c) Método de Transferencia de conocimiento ¿Cuál fue el método de trasferencia utilizado? Por favor conteste para cada caso:
A33: Método | G33: ¿Se usó? | J33: ¿Cuántas veces realizó transferencia? | N33: ¿Cuánto tiempo promedio invirtió por trasferencia?
A34: Audio | G34: Si | J34: 3 | N34: 15 minutos
A35: Reunión uno a uno | G35: SELECCIONE | J35: SELECCIONE | N35: SELECCIONE
A36: Reunión con varios asistentes | G36: Si | J36: 5 | N36: 120 minutos
A37: Conversación en el puesto de trabajo | G37: SELECCIONE | J37: SELECCIONE | N37: SELECCIONE
A38: Vídeo | G38: SELECCIONE | J38: SELECCIONE | N38: SELECCIONE
A39: Socialización con presentación | G39: Si | J39: 2 | N39: 60 minutos
A40: Talleres Practicos | G40: SELECCIONE | J40: SELECCIONE | N40: SELECCIONE
A41: Capacitación formal | G41: Si | J41: 3 | N41: 75 minutos
A42: Otra. ¿Cuál? | B42: INDIQUE AQUÍ CUÁL | G42: SELECCIONE | J42: SELECCIONE | N42: SELECCIONE

Sheet Ponderación resultados
C3: Método | D3: Capacidad del método para efectividad de la transferencia del conocimiento | E3: ¿Se usó? | F3: ¿Cuántas veces realizó transferencia? | G3: ¿Cuánto tiempo invirtió en la trasferencia? | H3: Resultado del tiempo de transferencia de conocimiento real (min) | I3: RESULTADO FINAL (min)
C4: Audio | D4: 0.25 | E4: ='GTH-FM-097'!G34 -> Si | F4: =IF(E4="Si",'GTH-FM-097'!J34,"No") -> 3 | G4: =IF(E4="Si",'GTH-FM-097'!N34,"No") -> 15 minutos | H4: =((INDEX($D$16:$D$28,MATCH(F4,$C$16:$C$28,0))*IF(F4="Más de 10 veces",10,IF(OR(F4="SELECCIONE",F4="No"),0,F4)))*(INDEX($G$16:$G$28,MATCH(G4,$E$16:$E$28,0))*INDEX($F$16:$F$28,MATCH(G4,$E$16:$E$28,0))))*D4 -> 4.5 | I4: =SUM(H4:H12) -> 44.1
C5: Conversación en el puesto de trabajo | D5: 0.35 | E5: ='GTH-FM-097'!G35 -> SELECCIONE | F5: =IF(E5="Si",'GTH-FM-097'!J35,"No") -> No | G5: =IF(E5="Si",'GTH-FM-097'!N35,"No") -> No | H5: =((INDEX($D$16:$D$28,MATCH(F5,$C$16:$C$28,0))*IF(F5="Más de 10 veces",10,IF(OR(F5="SELECCIONE",F5="No"),0,F5)))*(INDEX($G$16:$G$28,MATCH(G5,$E$16:$E$28,0))*INDEX($F$16:$F$28,MATCH(G5,$E$16:$E$28,0))))*D5 -> 0 | I5: =IFERROR(I4/SUM(F32:F40),"") -> 0.044545455
C6: Reunión con varios asistentes | D6: 0.4 | E6: ='GTH-FM-097'!G36 -> Si | F6: =IF(E6="Si",'GTH-FM-097'!J36,"No") -> 5 | G6: =IF(E6="Si",'GTH-FM-097'!N36,"No") -> 120 minutos | H6: =((INDEX($D$16:$D$28,MATCH(F6,$C$16:$C$28,0))*IF(F6="Más de 10 veces",10,IF(OR(F6="SELECCIONE",F6="No"),0,F6)))*(INDEX($G$16:$G$28,MATCH(G6,$E$16:$E$28,0))*INDEX($F$16:$F$28,MATCH(G6,$E$16:$E$28,0))))*D6 -> 7.2
C7: Reunion uno a uno | D7: 0.5 | E7: ='GTH-FM-097'!G37 -> SELECCIONE | F7: =IF(E7="Si",'GTH-FM-097'!J37,"No") -> No | G7: =IF(E7="Si",'GTH-FM-097'!N37,"No") -> No | H7: =((INDEX($D$16:$D$28,MATCH(F7,$C$16:$C$28,0))*IF(F7="Más de 10 veces",10,IF(OR(F7="SELECCIONE",F7="No"),0,F7)))*(INDEX($G$16:$G$28,MATCH(G7,$E$16:$E$28,0))*INDEX($F$16:$F$28,MATCH(G7,$E$16:$E$28,0))))*D7 -> 0
C8: Vídeo | D8: 0.63 | E8: ='GTH-FM-097'!G38 -> SELECCIONE | F8: =IF(E8="Si",'GTH-FM-097'!J38,"No") -> No | G8: =IF(E8="Si",'GTH-FM-097'!N38,"No") -> No | H8: =((INDEX($D$16:$D$28,MATCH(F8,$C$16:$C$28,0))*IF(F8="Más de 10 veces",10,IF(OR(F8="SELECCIONE",F8="No"),0,F8)))*(INDEX($G$16:$G$28,MATCH(G8,$E$16:$E$28,0))*INDEX($F$16:$F$28,MATCH(G8,$E$16:$E$28,0))))*D8 -> 0
C9: Socialización con presentación | D9: 0.75 | E9: ='GTH-FM-097'!G39 -> Si | F9: =IF(E9="Si",'GTH-FM-097'!J39,"No") -> 2 | G9: =IF(E9="Si",'GTH-FM-097'!N39,"No") -> 60 minutos | H9: =((INDEX($D$16:$D$28,MATCH(F9,$C$16:$C$28,0))*IF(F9="Más de 10 veces",10,IF(OR(F9="SELECCIONE",F9="No"),0,F9)))*(INDEX($G$16:$G$28,MATCH(G9,$E$16:$E$28,0))*INDEX($F$16:$F$28,MATCH(G9,$E$16:$E$28,0))))*D9 -> 14.4
C10: Capacitación formal | D10: 0.85 | E10: ='GTH-FM-097'!G40 -> SELECCIONE | F10: =IF(E10="Si",'GTH-FM-097'!J40,"No") -> No | G10: =IF(E10="Si",'GTH-FM-097'!N40,"No") -> No | H10: =((INDEX($D$16:$D$28,MATCH(F10,$C$16:$C$28,0))*IF(F10="Más de 10 veces",10,IF(OR(F10="SELECCIONE",F10="No"),0,F10)))*(INDEX($G$16:$G$28,MATCH(G10,$E$16:$E$28,0))*INDEX($F$16:$F$28,MATCH(G10,$E$16:$E$28,0))))*D10 -> 0
C11: Taller practico | D11: 1 | E11: ='GTH-FM-097'!G41 -> Si | F11: =IF(E11="Si",'GTH-FM-097'!J41,"No") -> 3 | G11: =IF(E11="Si",'GTH-FM-097'!N41,"No") -> 75 minutos | H11: =((INDEX($D$16:$D$28,MATCH(F11,$C$16:$C$28,0))*IF(F11="Más de 10 veces",10,IF(OR(F11="SELECCIONE",F11="No"),0,F11)))*(INDEX($G$16:$G$28,MATCH(G11,$E$16:$E$28,0))*INDEX($F$16:$F$28,MATCH(G11,$E$16:$E$28,0))))*D11 -> 18
B12: Otra. ¿Cuál? | C12: =IF('GTH-FM-097'!B42="INDIQUE AQUÍ CUÁL","OTRA ",'GTH-FM-097'!B42) -> OTRA | E12: ='GTH-FM-097'!G42 -> SELECCIONE | F12: =IF(E12="Si",'GTH-FM-097'!J42,"No") -> No | G12: =IF(E12="Si",'GTH-FM-097'!N42,"No") -> No | H12: =((INDEX($D$16:$D$28,MATCH(F12,$C$16:$C$28,0))*IF(F12="Más de 10 veces",10,IF(OR(F12="SELECCIONE",F12="No"),0,F12)))*(INDEX($G$16:$G$28,MATCH(G12,$E$16:$E$28,0))*INDEX($F$16:$F$28,MATCH(G12,$E$16:$E$28,0))))*D12 -> 0
C15: ¿Cuántas veces realizó transferencia? | D15: Porcentaje de equivalencia | E15: ¿Cuánto tiempo invirtió en la trasferencia? | G15: Porcentaje de equivalencia
C16: 1 | D16: 0.1 | E16: Menos de 5 minutos | F16: 3 | G16: 0.05
C17: 2 | D17: 0.4 | E17: 5 minutos | F17: 5 | G17: 0.7
C18: 3 | D18: 0.4 | E18: 10 minutos | F18: 10 | G18: 0.9
C19: 4 | D19: 0.6 | E19: 15 minutos | F19: 15 | G19: 1
C20: 5 | D20: 0.6 | E20: 30 minutos | F20: 30 | G20: 0.85
C21: 6 | D21: 0.8 | E21: 45 minutos | F21: 45 | G21: 0.6
C22: 7 | D22: 0.8 | E22: 60 minutos | F22: 60 | G22: 0.4
C23: 8 | D23: 0.8 | E23: 75 minutos | F23: 75 | G23: 0.2
C24: 9 | D24: 0.9 | E24: 90 minutos | F24: 90 | G24: 0.1
C25: 10 | D25: 0.9 | E25: 120 minutos | F25: 120 | G25: 0.05
C26: Más de 10 veces | D26: 1 | E26: Más de 120 minutos | F26: 120 | G26: 0.03
C27: SELECCIONE | D27: 0 | E27: SELECCIONE | F27: 0 | G27: 0
C28: No | D28: 0 | E28: No | F28: 0 | G28: 0
C31: Resumen por método | D31: Veces realizadas | E31: Tiempo por transferencia | F31: Tiempo invertido | G31: veces reales acertivas | H31: tiempo acertivo por transferencia | I31: Tiempo de transferencia | J31: Tiempo acertivo de transferencia
C32: =" "&C4 -> Audio | D32: =IF(F4="Más de 10 veces",10,IF(OR(F4="SELECCIONE",F4="No"),0,F4)) -> 3 | E32: =INDEX($F$16:$F$28,MATCH(G4,$E$16:$E$28,0)) -> 15 | F32: =D32*E32 -> 45 | G32: =((INDEX($D$16:$D$28,MATCH(F4,$C$16:$C$28,0))*IF(F4="Más de 10 veces",10,IF(OR(F4="SELECCIONE",F4="No"),0,F4)))) -> 1.2 | H32: =(INDEX($G$16:$G$28,MATCH(G4,$E$16:$E$28,0))*INDEX($F$16:$F$28,MATCH(G4,$E$16:$E$28,0))) -> 15 | I32: =H32*G32 -> 18 | J32: =I32*D4 -> 4.5
C33: =" "&C5 -> Conversación en el puesto de trabajo | D33: =IF(F5="Más de 10 veces",10,IF(OR(F5="SELECCIONE",F5="No"),0,F5)) -> 0 | E33: =INDEX($F$16:$F$28,MATCH(G5,$E$16:$E$28,0)) -> 0 | F33: =D33*E33 -> 0 | G33: =((INDEX($D$16:$D$28,MATCH(F5,$C$16:$C$28,0))*IF(F5="Más de 10 veces",10,IF(OR(F5="SELECCIONE",F5="No"),0,F5)))) -> 0 | H33: =(INDEX($G$16:$G$28,MATCH(G5,$E$16:$E$28,0))*INDEX($F$16:$F$28,MATCH(G5,$E$16:$E$28,0))) -> 0 | I33: =H33*G33 -> 0 | J33: =I33*D5 -> 0
C34: =" "&C6 -> Reunión con varios asistentes | D34: =IF(F6="Más de 10 veces",10,IF(OR(F6="SELECCIONE",F6="No"),0,F6)) -> 5 | E34: =INDEX($F$16:$F$28,MATCH(G6,$E$16:$E$28,0)) -> 120 | F34: =D34*E34 -> 600 | G34: =((INDEX($D$16:$D$28,MATCH(F6,$C$16:$C$28,0))*IF(F6="Más de 10 veces",10,IF(OR(F6="SELECCIONE",F6="No"),0,F6)))) -> 3 | H34: =(INDEX($G$16:$G$28,MATCH(G6,$E$16:$E$28,0))*INDEX($F$16:$F$28,MATCH(G6,$E$16:$E$28,0))) -> 6 | I34: =H34*G34 -> 18 | J34: =I34*D6 -> 7.2
C35: =" "&C7 -> Reunion uno a uno | D35: =IF(F7="Más de 10 veces",10,IF(OR(F7="SELECCIONE",F7="No"),0,F7)) -> 0 | E35: =INDEX($F$16:$F$28,MATCH(G7,$E$16:$E$28,0)) -> 0 | F35: =D35*E35 -> 0 | G35: =((INDEX($D$16:$D$28,MATCH(F7,$C$16:$C$28,0))*IF(F7="Más de 10 veces",10,IF(OR(F7="SELECCIONE",F7="No"),0,F7)))) -> 0 | H35: =(INDEX($G$16:$G$28,MATCH(G7,$E$16:$E$28,0))*INDEX($F$16:$F$28,MATCH(G7,$E$16:$E$28,0))) -> 0 | I35: =H35*G35 -> 0 | J35: =I35*D7 -> 0
C36: =" "&C8 -> Vídeo | D36: =IF(F8="Más de 10 veces",10,IF(OR(F8="SELECCIONE",F8="No"),0,F8)) -> 0 | E36: =INDEX($F$16:$F$28,MATCH(G8,$E$16:$E$28,0)) -> 0 | F36: =D36*E36 -> 0 | G36: =((INDEX($D$16:$D$28,MATCH(F8,$C$16:$C$28,0))*IF(F8="Más de 10 veces",10,IF(OR(F8="SELECCIONE",F8="No"),0,F8)))) -> 0 | H36: =(INDEX($G$16:$G$28,MATCH(G8,$E$16:$E$28,0))*INDEX($F$16:$F$28,MATCH(G8,$E$16:$E$28,0))) -> 0 | I36: =H36*G36 -> 0 | J36: =I36*D8 -> 0
C37: =" "&C9 -> Socialización con presentación | D37: =IF(F9="Más de 10 veces",10,IF(OR(F9="SELECCIONE",F9="No"),0,F9)) -> 2 | E37: =INDEX($F$16:$F$28,MATCH(G9,$E$16:$E$28,0)) -> 60 | F37: =D37*E37 -> 120 | G37: =((INDEX($D$16:$D$28,MATCH(F9,$C$16:$C$28,0))*IF(F9="Más de 10 veces",10,IF(OR(F9="SELECCIONE",F9="No"),0,F9)))) -> 0.8 | H37: =(INDEX($G$16:$G$28,MATCH(G9,$E$16:$E$28,0))*INDEX($F$16:$F$28,MATCH(G9,$E$16:$E$28,0))) -> 24 | I37: =H37*G37 -> 19.2 | J37: =I37*D9 -> 14.4
C38: =" "&C10 -> Capacitación formal | D38: =IF(F10="Más de 10 veces",10,IF(OR(F10="SELECCIONE",F10="No"),0,F10)) -> 0 | E38: =INDEX($F$16:$F$28,MATCH(G10,$E$16:$E$28,0)) -> 0 | F38: =D38*E38 -> 0 | G38: =((INDEX($D$16:$D$28,MATCH(F10,$C$16:$C$28,0))*IF(F10="Más de 10 veces",10,IF(OR(F10="SELECCIONE",F10="No"),0,F10)))) -> 0 | H38: =(INDEX($G$16:$G$28,MATCH(G10,$E$16:$E$28,0))*INDEX($F$16:$F$28,MATCH(G10,$E$16:$E$28,0))) -> 0 | I38: =H38*G38 -> 0 | J38: =I38*D10 -> 0
C39: =" "&C11 -> Taller practico | D39: =IF(F11="Más de 10 veces",10,IF(OR(F11="SELECCIONE",F11="No"),0,F11)) -> 3 | E39: =INDEX($F$16:$F$28,MATCH(G11,$E$16:$E$28,0)) -> 75 | F39: =D39*E39 -> 225 | G39: =((INDEX($D$16:$D$28,MATCH(F11,$C$16:$C$28,0))*IF(F11="Más de 10 veces",10,IF(OR(F11="SELECCIONE",F11="No"),0,F11)))) -> 1.2 | H39: =(INDEX($G$16:$G$28,MATCH(G11,$E$16:$E$28,0))*INDEX($F$16:$F$28,MATCH(G11,$E$16:$E$28,0))) -> 15 | I39: =H39*G39 -> 18 | J39: =I39*D11 -> 18
C40: =" "&C12 -> OTRA | D40: =IF(F12="Más de 10 veces",10,IF(OR(F12="SELECCIONE",F12="No"),0,F12)) -> 0 | E40: =INDEX($F$16:$F$28,MATCH(G12,$E$16:$E$28,0)) -> 0 | F40: =D40*E40 -> 0 | G40: =((INDEX($D$16:$D$28,MATCH(F12,$C$16:$C$28,0))*IF(F12="Más de 10 veces",10,IF(OR(F12="SELECCIONE",F12="No"),0,F12)))) -> 0 | H40: =(INDEX($G$16:$G$28,MATCH(G12,$E$16:$E$28,0))*INDEX($F$16:$F$28,MATCH(G12,$E$16:$E$28,0))) -> 0 | I40: =H40*G40 -> 0 | J40: =I40*D12 -> 0

Sheet Datos
A1: IDENTIFICACION | B1: NOMBRES | C1: APELLIDOS | D1: NOMBRE COMPLETO | E1: DEPEND_ACT | F1: NOMBRE_DEPENDE | G1: NIVEL1 | H1: DESPACHO | I1: NIVEL2 | J1: DELEG_OFIC_SECRET | K1: NIVEL3 | L1: DELEG_OFIC_DIRE | M1: NIVEL4 | N1: GRUPO_DIRECCION | O1: NIVEL5 | P1: GRUPO | Q1: DEPENDENCIA REAL | R1: EDAD | S1: SEXO | T1: CARGO | U1: NOM_CARGO | V1: CARGO | X1: CAPACITACIONES
A2: 12209753 | B2: YHON FAIVER | C2: CARDONA CICERI | D2: =TRIM(B2)&" "&TRIM(C2) -> YHON FAIVER CARDONA CICERI | E2: 201 | F2: GRUPO DE INFORMES EMPRESARIALES | G2: 100 | H2: DESPACHO DEL SUPERINTENDENTE | I2: 2 | J2: DELEGATURAS | K2: 200 | L2: DELEGATURA DE ASUNTOS ECONOMICOS Y SOCIETARIOS | M2: 201 | N2: GRUPO DE INFORMES EMPRESARIALES | O2: 0 | P2: NIVEL | Q2: =IF(TRIM(P2)="NIVEL",IF(TRIM(N2)="NIVEL",IF(TRIM(L2)="NIVEL",IF(TRIM(J2)="NIVEL",TRIM(H2),TRIM(J2)),TRIM(L2)),TRIM(N2)),TRIM(P2)) -> GRUPO DE INFORMES EMPRESARIALES | R2: 45 | S2: M | T2: 204411 | U2: PROFESIONAL UNIVERSITARIO | V2: =TRIM(U2)&" CÓDIGO "&TRIM(T2) -> PROFESIONAL UNIVERSITARIO CÓDIGO 204411 | X2: SELECCIONE
A3: 1148445048 | B3: CARLOS ANDRES | C3: GALLON VELEZ | D3: =TRIM(B3)&" "&TRIM(C3) -> CARLOS ANDRES GALLON VELEZ | E3: 201 | F3: GRUPO DE INFORMES EMPRESARIALES | G3: 100 | H3: DESPACHO DEL SUPERINTENDENTE | I3: 2 | J3: DELEGATURAS | K3: 200 | L3: DELEGATURA DE ASUNTOS ECONOMICOS Y SOCIETARIOS | M3: 201 | N3: GRUPO DE INFORMES EMPRESARIALES | O3: 0 | P3: NIVEL | Q3: =IF(TRIM(P3)="NIVEL",IF(TRIM(N3)="NIVEL",IF(TRIM(L3)="NIVEL",IF(TRIM(J3)="NIVEL",TRIM(H3),TRIM(J3)),TRIM(L3)),TRIM(N3)),TRIM(P3)) -> GRUPO DE INFORMES EMPRESARIALES | R3: 28 | S3: M | T3: 404414 | U3: AUXILIAR ADMINISTRATIVO | V3: =TRIM(U3)&" CÓDIGO "&TRIM(T3) -> AUXILIAR ADMINISTRATIVO CÓDIGO 404414 | X3: Seminario o Curso en actualizacion tributaria
A4: 1030674429 | B4: ASTRID LORENA | C4: AMAYA CASTRO | D4: =TRIM(B4)&" "&TRIM(C4) -> ASTRID LORENA AMAYA CASTRO | E4: 201 | F4: GRUPO DE INFORMES EMPRESARIALES | G4: 100 | H4: DESPACHO DEL SUPERINTENDENTE | I4: 2 | J4: DELEGATURAS | K4: 200 | L4: DELEGATURA DE ASUNTOS ECONOMICOS Y SOCIETARIOS | M4: 201 | N4: GRUPO DE INFORMES EMPRESARIALES | O4: 0 | P4: NIVEL | Q4: =IF(TRIM(P4)="NIVEL",IF(TRIM(N4)="NIVEL",IF(TRIM(L4)="NIVEL",IF(TRIM(J4)="NIVEL",TRIM(H4),TRIM(J4)),TRIM(L4)),TRIM(N4)),TRIM(P4)) -> GRUPO DE INFORMES EMPRESARIALES | R4: 28 | S4: F | T4: 421015 | U4: SECRETARIO EJECUTIVO | V4: =TRIM(U4)&" CÓDIGO "&TRIM(T4) -> SECRETARIO EJECUTIVO CÓDIGO 421015 | X4: Curso formacion de auditores en sistemas de gestion integrados HSEQ NTC ISO 9001:2015; ISO 14001:2015; ISO 45001:2018
A5: 52250504 | B5: XIMENA ANDREA | C5: PAVA CASTRO | D5: =TRIM(B5)&" "&TRIM(C5) -> XIMENA ANDREA PAVA CASTRO | E5: 201 | F5: GRUPO DE INFORMES EMPRESARIALES | G5: 100 | H5: DESPACHO DEL SUPERINTENDENTE | I5: 2 | J5: DELEGATURAS | K5: 200 | L5: DELEGATURA DE ASUNTOS ECONOMICOS Y SOCIETARIOS | M5: 201 | N5: GRUPO DE INFORMES EMPRESARIALES | O5: 0 | P5: NIVEL | Q5: =IF(TRIM(P5)="NIVEL",IF(TRIM(N5)="NIVEL",IF(TRIM(L5)="NIVEL",IF(TRIM(J5)="NIVEL",TRIM(H5),TRIM(J5)),TRIM(L5)),TRIM(N5)),TRIM(P5)) -> GRUPO DE INFORMES EMPRESARIALES | R5: 52 | S5: F | T5: 204407 | U5: PROFESIONAL UNIVERSITARIO | V5: =TRIM(U5)&" CÓDIGO "&TRIM(T5) -> PROFESIONAL UNIVERSITARIO CÓDIGO 204407 | X5: Diplomado en Garantias Mobiliarias
A6: 19475536 | B6: ORLANDO JOSUE | C6: BUITRAGO RUBIANO | D6: =TRIM(B6)&" "&TRIM(C6) -> ORLANDO JOSUE BUITRAGO RUBIANO | E6: 201 | F6: GRUPO DE INFORMES EMPRESARIALES | G6: 100 | H6: DESPACHO DEL SUPERINTENDENTE | I6: 2 | J6: DELEGATURAS | K6: 200 | L6: DELEGATURA DE ASUNTOS ECONOMICOS Y SOCIETARIOS | M6: 201 | N6: GRUPO DE INFORMES EMPRESARIALES | O6: 0 | P6: NIVEL | Q6: =IF(TRIM(P6)="NIVEL",IF(TRIM(N6)="NIVEL",IF(TRIM(L6)="NIVEL",IF(TRIM(J6)="NIVEL",TRIM(H6),TRIM(J6)),TRIM(L6)),TRIM(N6)),TRIM(P6)) -> GRUPO DE INFORMES EMPRESARIALES | R6: 63 | S6: M | T6: 202820 | U6: PROFESIONAL ESPECIALIZADO | V6: =TRIM(U6)&" CÓDIGO "&TRIM(T6) -> PROFESIONAL ESPECIALIZADO CÓDIGO 202820 | X6: Diplomado en Normas internacionales de informacion financiera (NIIF)
A7: 23689301 | B7: ANGELA PATRICIA | C7: PEÑARETE ORTIZ | D7: =TRIM(B7)&" "&TRIM(C7) -> ANGELA PATRICIA PEÑARETE ORTIZ | E7: 201 | F7: GRUPO DE INFORMES EMPRESARIALES | G7: 100 | H7: DESPACHO DEL SUPERINTENDENTE | I7: 2 | J7: DELEGATURAS | K7: 200 | L7: DELEGATURA DE ASUNTOS ECONOMICOS Y SOCIETARIOS | M7: 201 | N7: GRUPO DE INFORMES EMPRESARIALES | O7: 0 | P7: NIVEL | Q7: =IF(TRIM(P7)="NIVEL",IF(TRIM(N7)="NIVEL",IF(TRIM(L7)="NIVEL",IF(TRIM(J7)="NIVEL",TRIM(H7),TRIM(J7)),TRIM(L7)),TRIM(N7)),TRIM(P7)) -> GRUPO DE INFORMES EMPRESARIALES | R7: 67 | S7: F | T7: 202816 | U7: PROFESIONAL ESPECIALIZADO | V7: =TRIM(U7)&" CÓDIGO "&TRIM(T7) -> PROFESIONAL ESPECIALIZADO CÓDIGO 202816 | X7: Diplomado en actualizacion en derecho societario
A8: 36287722 | B8: JOHANA | C8: MARIN CARDONA | D8: =TRIM(B8)&" "&TRIM(C8) -> JOHANA MARIN CARDONA | E8: 201 | F8: GRUPO DE INFORMES EMPRESARIALES | G8: 100 | H8: DESPACHO DEL SUPERINTENDENTE | I8: 2 | J8: DELEGATURAS | K8: 200 | L8: DELEGATURA DE ASUNTOS ECONOMICOS Y SOCIETARIOS | M8: 201 | N8: GRUPO DE INFORMES EMPRESARIALES | O8: 0 | P8: NIVEL | Q8: =IF(TRIM(P8)="NIVEL",IF(TRIM(N8)="NIVEL",IF(TRIM(L8)="NIVEL",IF(TRIM(J8)="NIVEL",TRIM(H8),TRIM(J8)),TRIM(L8)),TRIM(N8)),TRIM(P8)) -> GRUPO DE INFORMES EMPRESARIALES | R8: 47 | S8: F | T8: 20441 | U8: PROFESIONAL UNIVERSITARIO | V8: =TRIM(U8)&" CÓDIGO "&TRIM(T8) -> PROFESIONAL UNIVERSITARIO CÓDIGO 20441 | X8: Curso en actualizacion en Codigo General del Proceso
A9: 15988257 | B9: BERNARDO | C9: GOMEZ CARDENAS | D9: =TRIM(B9)&" "&TRIM(C9) -> BERNARDO GOMEZ CARDENAS | E9: 670 | F9: INTENDENCIA REGIONAL DE LA ZONA EJE CAFETERO | G9: 100 | H9: DESPACHO DEL SUPERINTENDENTE | I9: 3 | J9: INTENDENCIAS REGIONALES | K9: 670 | L9: INTENDENCIA REGIONAL DE LA ZONA EJE CAFETERO | M9: 0 | N9: NIVEL | O9: 0 | P9: NIVEL | Q9: =IF(TRIM(P9)="NIVEL",IF(TRIM(N9)="NIVEL",IF(TRIM(L9)="NIVEL",IF(TRIM(J9)="NIVEL",TRIM(H9),TRIM(J9)),TRIM(L9)),TRIM(N9)),TRIM(P9)) -> INTENDENCIA REGIONAL DE LA ZONA EJE CAFETERO | R9: 55 | S9: M | T9: 204411 | U9: PROFESIONAL UNIVERSITARIO | V9: =TRIM(U9)&" CÓDIGO "&TRIM(T9) -> PROFESIONAL UNIVERSITARIO CÓDIGO 204411 | X9: Curso Manager EFR
A10: 24870452 | B10: YORLLY ALANNY | C10: ALZATE OSORIO | D10: =TRIM(B10)&" "&TRIM(C10) -> YORLLY ALANNY ALZATE OSORIO | E10: 670 | F10: INTENDENCIA REGIONAL DE LA ZONA EJE CAFETERO | G10: 100 | H10: DESPACHO DEL SUPERINTENDENTE | I10: 3 | J10: INTENDENCIAS REGIONALES | K10: 670 | L10: INTENDENCIA REGIONAL DE LA ZONA EJE CAFETERO | M10: 0 | N10: NIVEL | O10: 0 | P10: NIVEL | Q10: =IF(TRIM(P10)="NIVEL",IF(TRIM(N10)="NIVEL",IF(TRIM(L10)="NIVEL",IF(TRIM(J10)="NIVEL",TRIM(H10),TRIM(J10)),TRIM(L10)),TRIM(N10)),TRIM(P10)) -> INTENDENCIA REGIONAL DE LA ZONA EJE CAFETERO | R10: 48 | S10: F | T10: 202818 | U10: PROFESIONAL ESPECIALIZADO | V10: =TRIM(U10)&" CÓDIGO "&TRIM(T10) -> PROFESIONAL ESPECIALIZADO CÓDIGO 202818 | X10: Curso formacion, seguridad y servicio en el trasporte de personas
A11: 25233840 | B11: GLORIA PATRICIA | C11: GIRALDO ARCILA | D11: =TRIM(B11)&" "&TRIM(C11) -> GLORIA PATRICIA GIRALDO ARCILA | E11: 670 | F11: INTENDENCIA REGIONAL DE LA ZONA EJE CAFETERO | G11: 100 | H11: DESPACHO DEL SUPERINTENDENTE | I11: 3 | J11: INTENDENCIAS REGIONALES | K11: 670 | L11: INTENDENCIA REGIONAL DE LA ZONA EJE CAFETERO | M11: 0 | N11: NIVEL | O11: 0 | P11: NIVEL | Q11: =IF(TRIM(P11)="NIVEL",IF(TRIM(N11)="NIVEL",IF(TRIM(L11)="NIVEL",IF(TRIM(J11)="NIVEL",TRIM(H11),TRIM(J11)),TRIM(L11)),TRIM(N11)),TRIM(P11)) -> INTENDENCIA REGIONAL DE LA ZONA EJE CAFETERO | R11: 54 | S11: F | T11: 421022 | U11: SECRETARIO EJECUTIVO | V11: =TRIM(U11)&" CÓDIGO "&TRIM(T11) -> SECRETARIO EJECUTIVO CÓDIGO 421022 | X11: Curso de trabajo en alturas
A12: 30313328 | B12: ACENETH | C12: JIMENEZ MOGOLLON | D12: =TRIM(B12)&" "&TRIM(C12) -> ACENETH JIMENEZ MOGOLLON | E12: 670 | F12: INTENDENCIA REGIONAL DE LA ZONA EJE CAFETERO | G12: 100 | H12: DESPACHO DEL SUPERINTENDENTE | I12: 3 | J12: INTENDENCIAS REGIONALES | K12: 670 | L12: INTENDENCIA REGIONAL DE LA ZONA EJE CAFETERO | M12: 0 | N12: NIVEL | O12: 0 | P12: NIVEL | Q12: =IF(TRIM(P12)="NIVEL",IF(TRIM(N12)="NIVEL",IF(TRIM(L12)="NIVEL",IF(TRIM(J12)="NIVEL",TRIM(H12),TRIM(J12)),TRIM(L12)),TRIM(N12)),TRIM(P12)) -> INTENDENCIA REGIONAL DE LA ZONA EJE CAFETERO | R12: 56 | S12: F | T12: 406408 | U12: AUXILIAR DE SERVICIOS GENERALES | V12: =TRIM(U12)&" CÓDIGO "&TRIM(T12) -> AUXILIAR DE SERVICIOS GENERALES CÓDIGO 406408 | X12: Conferencia vehiculos seguros-sistemas de seguridad
A13: 73231589 | B13: EDILBERTO RUFINO | C13: NAVARRO RODRIGUEZ | D13: =TRIM(B13)&" "&TRIM(C13) -> EDILBERTO RUFINO NAVARRO RODRIGUEZ | E13: 670 | F13: INTENDENCIA REGIONAL DE LA ZONA EJE CAFETERO | G13: 100 | H13: DESPACHO DEL SUPERINTENDENTE | I13: 3 | J13: INTENDENCIAS REGIONALES | K13: 670 | L13: INTENDENCIA REGIONAL DE LA ZONA EJE CAFETERO | M13: 0 | N13: NIVEL | O13: 0 | P13: NIVEL | Q13: =IF(TRIM(P13)="NIVEL",IF(TRIM(N13)="NIVEL",IF(TRIM(L13)="NIVEL",IF(TRIM(J13)="NIVEL",TRIM(H13),TRIM(J13)),TRIM(L13)),TRIM(N13)),TRIM(P13)) -> INTENDENCIA REGIONAL DE LA ZONA EJE CAFETERO | R13: 42 | S13: M | T13: 202818 | U13: PROFESIONAL ESPECIALIZADO | V13: =TRIM(U13)&" CÓDIGO "&TRIM(T13) -> PROFESIONAL ESPECIALIZADO CÓDIGO 202818 | X13: Curso de habilidades interpretativas para concurso CNSC
... A39: 80725397 | B39: CAMILO EDUARDO | C39: LEON CHAVES | D39: =TRIM(B39)&" "&TRIM(C39) -> CAMILO EDUARDO LEON CHAVES | E39: 161 | F39: GRUPO DE ARQUITECTURA DE DATOS | G39: 100 | H39: DESPACHO DEL SUPERINTENDENTE | I39: 6 | J39: DIRECCION DE TECNOLOGIA DE LA INFORMACION Y LAS TELECOMUNICACIONES | K39: 161 | L39: GRUPO DE ARQUITECTURA DE DATOS | M39: 0 | N39: NIVEL | O39: 0 | P39: NIVEL | Q39: =IF(TRIM(P39)="NIVEL",IF(TRIM(N39)="NIVEL",IF(TRIM(L39)="NIVEL",IF(TRIM(J39)="NIVEL",TRIM(H39),TRIM(J39)),TRIM(L39)),TRIM(N39)),TRIM(P39)) -> GRUPO DE ARQUITECTURA DE DATOS | R39: 43 | S39: M | T39: 204411 | U39: PROFESIONAL UNIVERSITARIO | V39: =TRIM(U39)&" CÓDIGO "&TRIM(T39) -> PROFESIONAL UNIVERSITARIO CÓDIGO 204411 | X39: Capacitacion Sistema de Gestión Integrado (Procesos y Procedimientos)
A40: 7178654 | B40: JOHN ALEXANDER | C40: ALBA GONZALEZ | D40: =TRIM(B40)&" "&TRIM(C40) -> JOHN ALEXANDER ALBA GONZALEZ | E40: 160 | F40: GRUPO DE SISTEMAS Y ARQUITECTURA DE TECNOLOGÍA | G40: 100 | H40: DESPACHO DEL SUPERINTENDENTE | I40: 6 | J40: DIRECCION DE TECNOLOGIA DE LA INFORMACION Y LAS TELECOMUNICACIONES | K40: 160 | L40: GRUPO DE SISTEMAS Y ARQUITECTURA DE TECNOLOGIA | M40: 0 | N40: NIVEL | O40: 0 | P40: NIVEL | Q40: =IF(TRIM(P40)="NIVEL",IF(TRIM(N40)="NIVEL",IF(TRIM(L40)="NIVEL",IF(TRIM(J40)="NIVEL",TRIM(H40),TRIM(J40)),TRIM(L40)),TRIM(N40)),TRIM(P40)) -> GRUPO DE SISTEMAS Y ARQUITECTURA DE TECNOLOGIA | R40: 45 | S40: M | T40: 202816 | U40: PROFESIONAL ESPECIALIZADO | V40: =TRIM(U40)&" CÓDIGO "&TRIM(T40) -> PROFESIONAL ESPECIALIZADO CÓDIGO 202816
A41: 12265990 | B41: FREDY | C41: CALDERON CALDERON | D41: =TRIM(B41)&" "&TRIM(C41) -> FREDY CALDERON CALDERON | E41: 160 | F41: GRUPO DE SISTEMAS Y ARQUITECTURA DE TECNOLOGÍA | G41: 100 | H41: DESPACHO DEL SUPERINTENDENTE | I41: 6 | J41: DIRECCION DE TECNOLOGIA DE LA INFORMACION Y LAS TELECOMUNICACIONES | K41: 160 | L41: GRUPO DE SISTEMAS Y ARQUITECTURA DE TECNOLOGIA | M41: 0 | N41: NIVEL | O41: 0 | P41: NIVEL | Q41: =IF(TRIM(P41)="NIVEL",IF(TRIM(N41)="NIVEL",IF(TRIM(L41)="NIVEL",IF(TRIM(J41)="NIVEL",TRIM(H41),TRIM(J41)),TRIM(L41)),TRIM(N41)),TRIM(P41)) -> GRUPO DE SISTEMAS Y ARQUITECTURA DE TECNOLOGIA | R41: 44 | S41: M | T41: 313214 | U41: TECNICO OPERATIVO | V41: =TRIM(U41)&" CÓDIGO "&TRIM(T41) -> TECNICO OPERATIVO CÓDIGO 313214
A42: 80744724 | B42: DIDIER | C42: GAVIRIA MONTEALEGRE | D42: =TRIM(B42)&" "&TRIM(C42) -> DIDIER GAVIRIA MONTEALEGRE | E42: 160 | F42: GRUPO DE SISTEMAS Y ARQUITECTURA DE TECNOLOGÍA | G42: 100 | H42: DESPACHO DEL SUPERINTENDENTE | I42: 6 | J42: DIRECCION DE TECNOLOGIA DE LA INFORMACION Y LAS TELECOMUNICACIONES | K42: 160 | L42: GRUPO DE SISTEMAS Y ARQUITECTURA DE TECNOLOGIA | M42: 0 | N42: NIVEL | O42: 0 | P42: NIVEL | Q42: =IF(TRIM(P42)="NIVEL",IF(TRIM(N42)="NIVEL",IF(TRIM(L42)="NIVEL",IF(TRIM(J42)="NIVEL",TRIM(H42),TRIM(J42)),TRIM(L42)),TRIM(N42)),TRIM(P42)) -> GRUPO DE SISTEMAS Y ARQUITECTURA DE TECNOLOGIA | R42: 42 | S42: M | T42: 312416 | U42: TECNICO ADMINISTRATIVO | V42: =TRIM(U42)&" CÓDIGO "&TRIM(T42) -> TECNICO ADMINISTRATIVO CÓDIGO 312416
A43: 1092339467 | B43: ELIANA | C43: BERNAL RIVEROS | D43: =TRIM(B43)&" "&TRIM(C43) -> ELIANA BERNAL RIVEROS | E43: 210 | F43: DIRECCION DE INFORMACION EMPRESARIAL Y ESTUDIOS ECONOMICOS Y CONTABLES | G43: 100 | H43: DESPACHO DEL SUPERINTENDENTE | I43: 2 | J43: DELEGATURAS | K43: 200 | L43: DELEGATURA DE ASUNTOS ECONOMICOS Y SOCIETARIOS | M43: 210 | N43: DIRECCION EMPRESARIAL Y ESTUDIOS ECONOMICOS Y CONTABLES | O43: 0 | P43: NIVEL | Q43: =IF(TRIM(P43)="NIVEL",IF(TRIM(N43)="NIVEL",IF(TRIM(L43)="NIVEL",IF(TRIM(J43)="NIVEL",TRIM(H43),TRIM(J43)),TRIM(L43)),TRIM(N43)),TRIM(P43)) -> DIRECCION EMPRESARIAL Y ESTUDIOS ECONOMICOS Y CONTABLES | R43: 37 | S43: F | T43: 204407 | U43: PROFESIONAL UNIVERSITARIO | V43: =TRIM(U43)&" CÓDIGO "&TRIM(T43) -> PROFESIONAL UNIVERSITARIO CÓDIGO 204407
A44: 1018410610 | B44: BEATRIZ CAROLINA | C44: RAMIREZ GOMEZ | D44: =TRIM(B44)&" "&TRIM(C44) -> BEATRIZ CAROLINA RAMIREZ GOMEZ | E44: 204 | F44: GRUPO DE ESTUDIOS EMPRESARIALES | G44: 100 | H44: DESPACHO DEL SUPERINTENDENTE | I44: 2 | J44: DELEGATURAS | K44: 200 | L44: DELEGATURA DE ASUNTOS ECONOMICOS Y SOCIETARIOS | M44: 210 | N44: DIRECCION EMPRESARIAL Y ESTUDIOS ECONOMICOS Y CONTABLES | O44: 204 | P44: GRUPO DE ESTUDIOS EMPRESARIALES | Q44: =IF(TRIM(P44)="NIVEL",IF(TRIM(N44)="NIVEL",IF(TRIM(L44)="NIVEL",IF(TRIM(J44)="NIVEL",TRIM(H44),TRIM(J44)),TRIM(L44)),TRIM(N44)),TRIM(P44)) -> GRUPO DE ESTUDIOS EMPRESARIALES | R44: 38 | S44: F | T44: 204411 | U44: PROFESIONAL UNIVERSITARIO | V44: =TRIM(U44)&" CÓDIGO "&TRIM(T44) -> PROFESIONAL UNIVERSITARIO CÓDIGO 204411
A45: 52517750 | B45: MARIA TERESA | C45: CAMACHO RIOS | D45: =TRIM(B45)&" "&TRIM(C45) -> MARIA TERESA CAMACHO RIOS | E45: 210 | F45: DIRECCION DE INFORMACION EMPRESARIAL Y ESTUDIOS ECONOMICOS Y CONTABLES | G45: 100 | H45: DESPACHO DEL SUPERINTENDENTE | I45: 2 | J45: DELEGATURAS | K45: 200 | L45: DELEGATURA DE ASUNTOS ECONOMICOS Y SOCIETARIOS | M45: 210 | N45: DIRECCION EMPRESARIAL Y ESTUDIOS ECONOMICOS Y CONTABLES | O45: 0 | P45: NIVEL | Q45: =IF(TRIM(P45)="NIVEL",IF(TRIM(N45)="NIVEL",IF(TRIM(L45)="NIVEL",IF(TRIM(J45)="NIVEL",TRIM(H45),TRIM(J45)),TRIM(L45)),TRIM(N45)),TRIM(P45)) -> DIRECCION EMPRESARIAL Y ESTUDIOS ECONOMICOS Y CONTABLES | R45: 44 | S45: F | T45: 202816 | U45: PROFESIONAL ESPECIALIZADO | V45: =TRIM(U45)&" CÓDIGO "&TRIM(T45) -> PROFESIONAL ESPECIALIZADO CÓDIGO 202816
A46: 40044306 | B46: CLAUDIA MARITZA | C46: OROZCO PRIETO | D46: =TRIM(B46)&" "&TRIM(C46) -> CLAUDIA MARITZA OROZCO PRIETO | E46: 210 | F46: DIRECCION DE INFORMACION EMPRESARIAL Y ESTUDIOS ECONOMICOS Y CONTABLES | G46: 100 | H46: DESPACHO DEL SUPERINTENDENTE | I46: 2 | J46: DELEGATURAS | K46: 200 | L46: DELEGATURA DE ASUNTOS ECONOMICOS Y SOCIETARIOS | M46: 210 | N46: DIRECCION EMPRESARIAL Y ESTUDIOS ECONOMICOS Y CONTABLES | O46: 0 | P46: NIVEL | Q46: =IF(TRIM(P46)="NIVEL",IF(TRIM(N46)="NIVEL",IF(TRIM(L46)="NIVEL",IF(TRIM(J46)="NIVEL",TRIM(H46),TRIM(J46)),TRIM(L46)),TRIM(N46)),TRIM(P46)) -> DIRECCION EMPRESARIAL Y ESTUDIOS ECONOMICOS Y CONTABLES | R46: 47 | S46: F | T46: 204411 | U46: PROFESIONAL UNIVERSITARIO | V46: =TRIM(U46)&" CÓDIGO "&TRIM(T46) -> PROFESIONAL UNIVERSITARIO CÓDIGO 204411
A47: 51646427 | B47: ANGELA MARIA | C47: AHUMADA GONZALEZ | D47: =TRIM(B47)&" "&TRIM(C47) -> ANGELA MARIA AHUMADA GONZALEZ | E47: 210 | F47: DIRECCION DE INFORMACION EMPRESARIAL Y ESTUDIOS ECONOMICOS Y CONTABLES | G47: 100 | H47: DESPACHO DEL SUPERINTENDENTE | I47: 2 | J47: DELEGATURAS | K47: 200 | L47: DELEGATURA DE ASUNTOS ECONOMICOS Y SOCIETARIOS | M47: 210 | N47: DIRECCION EMPRESARIAL Y ESTUDIOS ECONOMICOS Y CONTABLES | O47: 0 | P47: NIVEL | Q47: =IF(TRIM(P47)="NIVEL",IF(TRIM(N47)="NIVEL",IF(TRIM(L47)="NIVEL",IF(TRIM(J47)="NIVEL",TRIM(H47),TRIM(J47)),TRIM(L47)),TRIM(N47)),TRIM(P47)) -> DIRECCION EMPRESARIAL Y ESTUDIOS ECONOMICOS Y CONTABLES | R47: 64 | S47: F | T47: 313214 | U47: TECNICO OPERATIVO | V47: =TRIM(U47)&" CÓDIGO "&TRIM(T47) -> TECNICO OPERATIVO CÓDIGO 313214
A48: 79398091 | B48: MAURICIO | C48: ESPAÑOL LEON | D48: =TRIM(B48)&" "&TRIM(C48) -> MAURICIO ESPAÑOL LEON | E48: 115 | F48: GRUPO DE ANALISIS Y REGULACION CONTABLE | G48: 100 | H48: DESPACHO DEL SUPERINTENDENTE | I48: 2 | J48: DELEGATURAS | K48: 200 | L48: DELEGATURA DE ASUNTOS ECONOMICOS Y SOCIETARIOS | M48: 210 | N48: DIRECCION EMPRESARIAL Y ESTUDIOS ECONOMICOS Y CONTABLES | O48: 115 | P48: GRUPO DE ANALISIS Y REGULACION CONTABLE | Q48: =IF(TRIM(P48)="NIVEL",IF(TRIM(N48)="NIVEL",IF(TRIM(L48)="NIVEL",IF(TRIM(J48)="NIVEL",TRIM(H48),TRIM(J48)),TRIM(L48)),TRIM(N48)),TRIM(P48)) -> GRUPO DE ANALISIS Y REGULACION CONTABLE | R48: 58 | S48: M | T48: 202814 | U48: PROFESIONAL ESPECIALIZADO | V48: =TRIM(U48)&" CÓDIGO "&TRIM(T48) -> PROFESIONAL ESPECIALIZADO CÓDIGO 202814
A49: 80154433 | B49: DOUGLAS ANDRES | C49: BALLESTEROS PELUFFO | D49: =TRIM(B49)&" "&TRIM(C49) -> DOUGLAS ANDRES BALLESTEROS PELUFFO | E49: 210 | F49: DIRECCION DE INFORMACION EMPRESARIAL Y ESTUDIOS ECONOMICOS Y CONTABLES | G49: 100 | H49: DESPACHO DEL SUPERINTENDENTE | I49: 2 | J49: DELEGATURAS | K49: 200 | L49: DELEGATURA DE ASUNTOS ECONOMICOS Y SOCIETARIOS | M49: 210 | N49: DIRECCION EMPRESARIAL Y ESTUDIOS ECONOMICOS Y CONTABLES | O49: 0 | P49: NIVEL | Q49: =IF(TRIM(P49)="NIVEL",IF(TRIM(N49)="NIVEL",IF(TRIM(L49)="NIVEL",IF(TRIM(J49)="NIVEL",TRIM(H49),TRIM(J49)),TRIM(L49)),TRIM(N49)),TRIM(P49)) -> DIRECCION EMPRESARIAL Y ESTUDIOS ECONOMICOS Y CONTABLES | R49: 44 | S49: M | T49: 102011 | U49: ASESOR | V49: =TRIM(U49)&" CÓDIGO "&TRIM(T49) -> ASESOR CÓDIGO 102011
A50: 80921228 | B50: LUIS CARLOS | C50: ORTIZ BARRIGA | D50: =TRIM(B50)&" "&TRIM(C50) -> LUIS CARLOS ORTIZ BARRIGA | E50: 202 | F50: GRUPO DE REQUERIMIENTOS EMPRESARIALES | G50: 100 | H50: DESPACHO DEL SUPERINTENDENTE | I50: 2 | J50: DELEGATURAS | K50: 200 | L50: DELEGATURA DE ASUNTOS ECONOMICOS Y SOCIETARIOS | M50: 202 | N50: GRUPO DE REQUERIMIENTOS EMPRESARIALES | O50: 0 | P50: NIVEL | Q50: =IF(TRIM(P50)="NIVEL",IF(TRIM(N50)="NIVEL",IF(TRIM(L50)="NIVEL",IF(TRIM(J50)="NIVEL",TRIM(H50),TRIM(J50)),TRIM(L50)),TRIM(N50)),TRIM(P50)) -> GRUPO DE REQUERIMIENTOS EMPRESARIALES | R50: 39 | S50: M | T50: 204411 | U50: PROFESIONAL UNIVERSITARIO | V50: =TRIM(U50)&" CÓDIGO "&TRIM(T50) -> PROFESIONAL UNIVERSITARIO CÓDIGO 204411
A51: 7128386 | B51: FREDY LEONARDO | C51: CARDENAS CASTELLANOS | D51: =TRIM(B51)&" "&TRIM(C51) -> FREDY LEONARDO CARDENAS CASTELLANOS | E51: 201 | F51: GRUPO DE INFORMES EMPRESARIALES | G51: 100 | H51: DESPACHO DEL SUPERINTENDENTE | I51: 2 | J51: DELEGATURAS | K51: 200 | L51: DELEGATURA DE ASUNTOS ECONOMICOS Y SOCIETARIOS | M51: 201 | N51: GRUPO DE INFORMES EMPRESARIALES | O51: 0 | P51: NIVEL | Q51: =IF(TRIM(P51)="NIVEL",IF(TRIM(N51)="NIVEL",IF(TRIM(L51)="NIVEL",IF(TRIM(J51)="NIVEL",TRIM(H51),TRIM(J51)),TRIM(L51)),TRIM(N51)),TRIM(P51)) -> GRUPO DE INFORMES EMPRESARIALES | R51: 42 | S51: M | T51: 204411 | U51: PROFESIONAL UNIVERSITARIO | V51: =TRIM(U51)&" CÓDIGO "&TRIM(T51) -> PROFESIONAL UNIVERSITARIO CÓDIGO 204411
... A697: 43631617 | B697: LEIDY | C697: HOYOS SALCEDO | D697: =TRIM(B697)&" "&TRIM(C697) -> LEIDY HOYOS SALCEDO | E697: 610 | F697: INTENDENCIA REGIONAL DE LA ZONA OCCIDENTAL Y COSTA PACIFICA | G697: 100 | H697: DESPACHO DEL SUPERINTENDENTE | I697: 3 | J697: INTENDENCIAS REGIONALES | K697: 610 | L697: INTENDENCIA REGIONAL DE LA ZONA OCCIDENTAL Y COSTA PACIFICA | M697: 0 | N697: NIVEL | O697: 0 | P697: NIVEL | Q697: =IF(TRIM(P697)="NIVEL",IF(TRIM(N697)="NIVEL",IF(TRIM(L697)="NIVEL",IF(TRIM(J697)="NIVEL",TRIM(H697),TRIM(J697)),TRIM(L697)),TRIM(N697)),TRIM(P697)) -> INTENDENCIA REGIONAL DE LA ZONA OCCIDENTAL Y COSTA PACIFICA | R697: 47 | S697: F | T697: 204411 | U697: PROFESIONAL UNIVERSITARIO | V697: =TRIM(U697)&" CÓDIGO "&TRIM(T697) -> PROFESIONAL UNIVERSITARIO CÓDIGO 204411

Sheet Control de Cambios
B3: CONTROL DE CAMBIOS
B5: Versión | C5: Fecha | D5: Descripción del Cambio
B6: 001 | C6: 44386 | D6: Creación formato.
B7: 002 | C7: 45755 | D7: Se ajusta el documento conforme a los nuevos lineamientos definidos para la documentación de los documentos del Sistema de Gestión Integrado. Asimismo, se modifica el nombre del documento, pasando de “Seguimiento Transferencia de Conocimientos al Puesto de Trabajo” a “Transferencia del Aprendizaje”.
B8: 003 | C8: 46182 | D8: Se ajusta el documento conforme a los nuevos lineamientos definidos para la documentación de los documentos del Sistema de Gestión Integrado. Asimismo, se modifica el nombre del documento, pasando de “Seguimiento Transferencia de Conocimientos al Puesto de Trabajo” a “Seguimiento Transferencia del Aprendizaje”.

Sheet COMPETENCIAS
A1: Compentencias
A2: Comunes a todos los servidores públicos
A3: Aprendizaje continuo
A4: Orientación a resultados
A5: Orientación al usuario y al ciudadano
A6: Compromiso con la organización
A7: Trabajo en equipo
A8: Adaptación al cambio
A9: Nivel Directivo
A10: Visión estratégica
A11: Liderazgo efectivo
A12: Planeación
... A38: Colaboración
